 Dungeon Crawl Stone Soup version 0.28.0-53-g5a82cb258f (webtiles) character file.

Game seed: 16745230942814728484

3319 Peloso the Protected (level 9, -2/79 HPs)
             Began as a Minotaur Fighter on June 30, 2022.
             Was a Priest of Okawaru.
             Slain by an orc warrior
             ... wielding a +0 halberd
              (9 damage)
             ... on level 9 of the Dungeon.
             The game lasted 00:12:58 (10932 turns).

Peloso the Protected (Minotaur Fighter)            Turns: 10932, Time: 00:12:58

Health: -2/79      AC: 17    Str: 23    XL:     9   Next: 71%
Magic:  8/8        EV:  7    Int:  5    God:    Okawaru [***...]
Gold:   484        SH:  5    Dex: 12    Spells: 8/8 levels left

rFire   + + .      SeeInvis .   a - +0 long sword
rCold   + . .      Faith    .   c - +0 buckler
rNeg    . . .      Spirit   .   u - +0 plate armour
rPois   +          Reflect  .   (helmet restricted)
rElec   .          Harm     .   D - scarf {rC+ rF+}
rCorr   .          Rampage  .   F - +1 pair of gloves "Geimiciw" {rF+}
Will    .....                   (no boots)
Stlth   ..........              (no amulet)
HPRegen 0.23/turn               z - ring of poison resistance
MPRegen 0.11/turn               (no ring)

@: no status effects
A: horns 2, retaliatory headbutt
a: Renounce Religion, Heroism


You were on level 9 of the Dungeon.
You worshipped Okawaru.
Okawaru was most pleased with you.
You visited 2 branches of the dungeon, and saw 10 of its levels.

You collected 529 gold pieces.
You spent 45 gold pieces at shops.

Inventory:

Hand Weapons
 a - a +0 long sword (weapon)
Armour
 b - a +0 scale mail
 c - a +0 buckler (worn)
 l - a +0 chain mail
 u - a +0 plate armour (worn)
 D - a scarf of resistance (worn)
 E - a +0 pair of gloves
 F - the +1 pair of gloves "Geimiciw" (worn) {rF+}
   (You found it on level 9 of the Dungeon)

   rF:        It protects you from fire.
Jewellery
 o - a ring of fire
 z - a ring of poison resistance (left hand)
Wands
 e - a wand of iceblast (1)
 t - a wand of paralysis (2)
Scrolls
 f - 3 scrolls of magic mapping
 h - 2 scrolls of blinking {unknown}
 i - a scroll of enchant weapon
 j - 4 scrolls of enchant armour
 m - 2 scrolls of amnesia
 n - a scroll of teleportation
 p - 2 scrolls of fog {unknown}
 s - a scroll of holy word {unknown}
 y - 2 scrolls of immolation {unknown}
 A - 3 scrolls of brand weapon {unknown}
 B - a scroll of identify
Potions
 d - 2 potions of might
 g - 2 potions of curing
 k - a potion of heal wounds
 q - a potion of invisibility {unknown}
 r - a potion of magic {unknown}
 v - a potion of attraction {unknown}
 w - a potion of berserk rage {unknown}
 x - a potion of haste {unknown}
 C - a potion of brilliance {unknown}


   Skills:
 + Level 7.5 Fighting
 + Level 9.5 Long Blades
 + Level 10.7 Armour
 + Level 2.4 Dodging
 + Level 1.3 Stealth
 + Level 6.1 Shields
 + Level 1.0 Invocations
 + Level 0.7 Evocations


You had 8 spell levels left.
You didn't know any spells.
Your spell library contained the following spells:

 Spells                   Type           Power      Damage    Failure   Level
 Beastly Appendage        Tmut           0%         N/A       100%        1
 Shock                    Conj/Air       0%         1d3       100%        1
 Sting                    Tmut/Pois      0%         1d3       100%        1
 Poisonous Vapours        Pois/Air       0%         N/A       100%        2
 Wereblood                Tmut           0%         N/A       100%        2
 Dazzling Flash           Conj/Hex       0%         N/A       100%        3
 Spider Form              Tmut/Pois      0%         N/A       100%        3
 Olgreb's Toxic Radiance  Pois           0%         N/A       100%        4
 Agony                    Necr           0%         N/A       100%        5
 Silence                  Hex/Air        0%         N/A       100%        5


Dungeon Overview and Level Annotations

Branches:
Dungeon (9/15)             Temple (1/1) D:4             Orc (0/2) D:9
   Lair: D:8-11

Altars:
Ashenzari
Cheibriados
Dithmenos
Elyvilon
Fedhas
Gozag
Hepliaklqana
Kikubaaqudgha
Makhleb
Nemelex Xobeh
Okawaru
Qazlal
Ru
Trog
Uskayaw
Vehumet
Wu Jian
Xom
Yredelemnul
Zin
The Shining One

Shops:
D:1 ?   D:5 :   D:6 *   D:8 ?

Annotations:
D:3 1 runed translucent door, veljko94's ghost, amateur MiBe


Innate Abilities, Weirdness & Mutations

You have a pair of horns on your head.
You reflexively headbutt those who attack you in melee.


Message History

The gnoll sergeant hits you from afar with a +0 spear.
You hit the orc.
You kill the orc!
Okawaru accepts your kill.
The orc warrior hits you from afar with a +0 halberd.
* * * LOW HITPOINT WARNING * * *
You block the gnoll sergeant's attack.
The orc warrior hits you with a +0 halberd!
* * * LOW HITPOINT WARNING * * *
The gnoll sergeant hits you with a +0 spear.
* * * LOW HITPOINT WARNING * * *
Items here: )))))) [ †††††.
You feel much better. The orc warrior closely misses you.
The gnoll sergeant barely misses you. The orc warrior barely misses you.
The gnoll sergeant throws a stone.
The stone barely misses you.
Items here: ) [ ††.
The orc warrior closely misses you. You block the orc warrior's attack.
You barely miss the orc warrior.
The gnoll sergeant hits you but does no damage.
The orc warrior closely misses you.
You barely miss the orc warrior. You headbutt the orc warrior!
The orc warrior is moderately wounded.
The gnoll sergeant hits you from afar with a +0 spear.
The orc warrior barely misses you.
You hit the orc warrior.
The orc warrior is moderately wounded.
The gnoll sergeant hits you from afar with a +0 spear.
* * * LOW HITPOINT WARNING * * *
You barely miss the orc warrior.
The orc warrior is moderately wounded.
The orc warrior hits you with a +0 halberd!
* * * LOW HITPOINT WARNING * * *
The gnoll sergeant hits you from afar with a +0 spear.
* * * LOW HITPOINT WARNING * * *
You hit the orc warrior.
The orc warrior is heavily wounded.
The orc warrior hits you with a +0 halberd!
You die...

#.....#...##.#
#.....#..o.. #..##.#...
#.....#'####.>
#.............
#.........h...
#......#######
#......#############
#......))go@........
#....#'############.
#.##.#............# #.
..########.<#### # .g.
####.##..# ### .#.
#.....)..# #.. #.
#........# #..
#.##.##..# ###
##.##.##..#############


You could see an orc warrior and a gnoll sergeant.

Vanquished Creatures
  Maggie (D:9)
  3 steam dragons
  A water moccasin (D:7)
  A black bear (D:5)
  3 orc warriors
  A necrophage (D:6)
  A centaur (D:8)
  An ogre (D:4)
  2 phantoms
  2 scorpions (D:5)
  A bullfrog (D:7)
  14 killer bees
  3 howler monkeys (D:9)
  A centaur zombie (D:5)
  A hound (D:7)
  3 jellies
  5 orc priests
  A centaur skeleton (D:7)
  2 gnoll shamans
  Jessica (D:2)
  5 orc wizards
  A killer bee zombie (D:8)
  11 gnolls
  8 adders
  A white imp (D:4)
  3 worms (D:3)
  5 dart slugs
  19 orcs
  4 endoplasms
  2 giant cockroaches
  3 goblins
  6 hobgoblins
  3 quokkas
  12 ball pythons
  5 bats
  3 frilled lizards (D:3)
  5 kobolds
  7 rats
151 creatures vanquished.

Notes
Turn   | Place    | Note
-------+----------+-------------------------------------------
     0 | D:1      | Peloso the Minotaur Fighter began the quest for the Orb.
     0 | D:1      | Reached XP level 1. HP: 19/19 MP: 0/0
   116 | D:1      | Found a faded altar of an unknown god.
   120 | D:1      | Got Plato's Almanac of Flight
   246 | D:1      | Reached skill level 4 in Armour
   246 | D:1      | Reached XP level 2. HP: 24/27 MP: 1/1
   483 | D:1      | Found Tiucag's Magic Scroll Emporium.
  1045 | D:2      | Reached XP level 3. HP: 22/33 MP: 2/2
  1257 | D:2      | Noticed Jessica
  1267 | D:2      | Killed Jessica
  1268 | D:2      | Reached skill level 1 in Dodging
  1446 | D:2      | Reached XP level 4. HP: 40/40 MP: 3/3
  1746 | D:3      | Found a runed translucent door.
  1762 | D:3      | Noticed veljko94's ghost (amateur MiBe)
  1843 | D:3      | Reached XP level 5. HP: 27/47 MP: 4/4
  2149 | D:3      | Reached skill level 5 in Armour
  2332 | D:3      | Found a glowing golden altar of the Shining One.
  2741 | D:4      | Found a staircase to the Ecumenical Temple.
  2863 | Temple   | Entered the Ecumenical Temple
  2908 | Temple   | Became a worshipper of Warmaster Okawaru
  3516 | D:4      | Noticed an ogre
  3522 | D:4      | Killed an ogre
  3523 | D:4      | Reached XP level 6. HP: 55/55 MP: 5/5
  3940 | D:5      | Entered Level 5 of the Dungeon
  4074 | D:5      | Reached skill level 5 in Fighting
  4074 | D:5      | Reached skill level 5 in Long Blades
  4099 | D:5      | Found a hide-covered altar of Uskayaw.
  4203 | D:5      | Reached skill level 6 in Armour
  4203 | D:5      | Reached XP level 7. HP: 40/61 MP: 6/6
  4403 | D:5      | Found a snail-covered altar of Cheibriados.
  4416 | D:5      | Found Inaomej's Book Boutique.
  4836 | D:5      | Found a bloodstained altar of Trog.
  4836 | D:5      | Found a hazy altar of Hepliaklqana.
  4836 | D:5      | Found a sacrificial altar of Ru.
  5114 | D:6      | Reached * piety under Okawaru
  5246 | D:6      | Found Zin's Purification Station.
  5251 | D:6      | Found a glowing silver altar of Zin.
  5683 | D:7      | Reached skill level 7 in Armour
  5695 | D:7      | Reached skill level 5 in Shields
  5695 | D:7      | Reached XP level 8. HP: 14/70 MP: 7/7
  6371 | D:7      | Reached skill level 1 in Stealth
  7240 | D:8      | Found a burning altar of Makhleb.
  7380 | D:8      | Reached skill level 8 in Armour
  7447 | D:8      | Reached ** piety under Okawaru
  7601 | D:8      | Found a sparkling altar of Nemelex Xobeh.
  7834 | D:8      | Reached XP level 9. HP: 50/78 MP: 8/8
  7836 | D:8      | Reached skill level 9 in Armour
  8657 | D:8      | Found Nevum's Magic Scroll Emporium.
  8662 | D:8      | Bought a scroll of magic mapping for 45 gold pieces
  9707 | D:8      | Reached skill level 1 in Invocations
  9928 | D:9      | Noticed Maggie
  9944 | D:9      | Killed Maggie
  9944 | D:9      | Reached *** piety under Okawaru
  9945 | D:9      | Reached skill level 10 in Armour
 10559 | D:9      | Noticed a two-headed ogre
 10576 | D:9      | Identified the +1 pair of gloves "Geimiciw" {rF+}
 10873 | D:9      | Found a staircase to the Orcish Mines.
 10920 | D:9      | HP: 2/79 [gnoll sergeant/+0 spear (6)]
 10932 | D:9      | Slain by an orc warrior

Illustrated notes

Levels and vault maps discovered:
D:1:      kennysheep_arrival_seaside, layout_basic, serial_shops, shop,
          shapermc_ecumenical_altar_rom_forum, chequers_serial_rivers_large_b
D:2:      layout_rooms, uniq_jessica
D:3:      layout_rooms, tso_metal_star, hellmonk_ghost_happy_afterlife,
          corexii_shack, minmay_vboxes
D:4:      layout_layer_cave, minmay_temple_entry_wispy, hangedman_decor_lopped,
          serial_bayou_lake_a
D:5:      layout_basic, mainiacjoe_overflow_paths, mainiacjoe_overflow_alcove_1,
          chequers_temple_overflow_statue_of_worship, serial_shops,
          nicolae_lakefront_shop
D:6:      layout_cave_pools, zin_purify, grunt_decor_one_mirror,
          kennysheep_generic_room_3
D:7:      layout_layer_cave
D:8:      layout_gridville, mainiacjoe_overflow_cross_hatched,
          nemelex_spade_bored_becter, serial_shops, kennysheep_little_box,
          bh_walls_and_bars
D:9:      layout_stronghold, orc_0_dummy, uniq_prince_ribbit1, uniq_maggie
Temple:   nicolae_temple_hex_pool

Skill      XL: |  1  2  3  4  5  6  7  8  9 |
---------------+----------------------------+-----
Armour         | 4 5 6 7 8 10 | 10.7
Long Blades    | 3 4 5 6 8 9 |  9.5
Shields        | 4 5 6 |  6.1
Fighting       | 4 5 6 7 |  7.5
Dodging        | 1 2 |  2.4
Stealth        | 1 |  1.3
Invocations    | 1 |  1.0
Evocations     | |  0.7

Action                   |  1- 3 |  4- 6 |  7- 9 || total
-------------------------+-------+-------+-------++-------
Melee: Long sword        |    56 |   153 |   315 ||   524
       Headbutt          |     7 |    22 |    50 ||    79
Invok: Heroism           |       |       |     2 ||     2
Evoke: Wand              |       |     2 |     5 ||     7
  Use: Scroll            |       |     9 |     3 ||    12
       Potion            |       |     1 |     3 ||     4
Armor: Scale mail        |    30 |     3 |       ||    33
       Chain mail        |       |    64 |    23 ||    87
       Plate armour      |       |       |   214 ||   214
Dodge: Dodged            |    26 |    52 |   146 ||   224
Block: Buckler           |    17 |    31 |   117 ||   165
